 Dungeon Crawl Stone Soup version 0.22-a0-803-gd6d8abe (webtiles) character file.

10208 sking99 the Ogreish Catastrophe (level 11, -3/130 HPs)
             Began as an Ogre Transmuter on July 22, 2018.
             Was an Elder of Qazlal.
             Slain by a yak (10 damage)
             ... on level 9 of the Dungeon.
             The game lasted 00:27:28 (12747 turns).

sking99 the Ogreish Catastrophe (Ogre Transmuter)  Turns: 12747, Time: 00:27:28

Health: -3/130     AC:  6    Str: 16    XL:     11   Next: 58%
Magic:  17/19      EV: 10    Int: 14    God:    Qazlal [****..]
Gold:   637        SH:  0    Dex: 12    Spells: 6/16 levels left

rFire    x . .     SeeInvis .     - Unarmed
rCold    + + +     Gourm    .   (shield currently unavailable)
rNeg     . . .     Faith    .   (armour currently unavailable)
rPois    +         Spirit   .   (helmet currently unavailable)
rElec    .         Reflect  +   (cloak currently unavailable)
rCorr    .         Harm     .   (gloves unavailable)
MR       +....                  (boots unavailable)
Stlth    +.........             w - +3 amulet of reflection
HPRegen  0.31/turn              o - ring of protection from cold
MPRegen  0.16/turn              (no ring)

@: confused, ice-form, very slightly contaminated, repel missiles
A: large, unfitting armour
a: End Transformation, Upheaval, Elemental Force, Renounce Religion


You were on level 9 of the Dungeon.
You worshipped Qazlal.
Qazlal was greatly pleased with you.
You were very hungry.
You were a creature of crystalline ice.
You visited 2 branches of the dungeon, and saw 11 of its levels.

You collected 689 gold pieces.
You spent 52 gold pieces at shops.

Inventory:

Missiles
 y - 273 arrows
Armour
 u - a +1 cloak (melded)
 D - a +1 robe of resistance (melded)
Jewellery
 o - a ring of protection from cold (left front paw)
 w - a +3 amulet of reflection (around neck)
Wands
 j - a wand of polymorph (20)
 r - a wand of flame (20)
 A - a wand of paralysis (24)
Scrolls
 b - 2 scrolls of magic mapping
 c - a scroll of enchant weapon {unknown}
 e - 8 scrolls of remove curse
 f - a scroll of blinking {unknown}
 i - a scroll of teleportation
 l - a scroll of immolation
 m - 7 scrolls of enchant armour
 n - a scroll of noise {unknown}
 q - a scroll of fog {unknown}
 v - a scroll of amnesia {unknown}
 x - a scroll of brand weapon {unknown}
 z - a scroll of vulnerability {unknown}
 E - a scroll of acquirement {unknown}
 F - a scroll of holy word {unknown}
Potions
 a - a potion of resistance
 h - 6 potions of curing
 k - 2 potions of cancellation
 p - a potion of lignification
 t - 2 potions of brilliance
 B - a potion of berserk rage {unknown}
 C - 2 potions of magic {unknown}
Comestibles
 d - 20 rations


   Skills:
 - Level 7.0 Fighting
 * Level 2.5 Dodging
 + Level 8.3 Unarmed Combat
 - Level 3.1 Spellcasting
 - Level 8.0 Transmutations
 - Level 4.0 Ice Magic
 - Level 1.0 Poison Magic
 + Level 11.7 Invocations


You had 6 spell levels left.
You knew the following spells:

 Your Spells              Type           Power        Failure   Level  Hunger
a - Beastly Appendage     Tmut           ###...       1%          1    #......
b - Sticks to Snakes      Tmut           ###.....     1%          2    ##.....
c - Spider Form           Tmut/Pois      ##........   10%         3    ###....
d - Ice Form              Ice/Tmut       ###.....     19%         4    #####..

Your spell library contained the following spells:

 Spells                   Type           Power        Failure   Level  Hunger
 Blade Hands              Tmut           ###.......   22%         5    ######.


Dungeon Overview and Level Annotations

Branches:
Dungeon (10/15)            Temple (0/1) D:6            Lair (1/6) D:9
    Orc: D:9-12

Altars:
Fedhas
Qazlal
Trog

Shops:
D:6 %%*[   D:7 (   D:8 ?   D:9 =


Innate Abilities, Weirdness & Mutations

You are too large for most types of armour.
((You have tough skin. (AC +1)))


Message History

You hit the yak but do no damage. The yak gores you!
* * * LOW HITPOINT WARNING * * *
The yak gores you.
* * * LOW HITPOINT WARNING * * *
The yak is engulfed in blazing flames.
You block the yak's attack. The yak gores you.
* * * LOW HITPOINT WARNING * * *
You pummel the yak!! You freeze the yak!
The yak is severely wounded.
The yak gores you!
* * * LOW HITPOINT WARNING * * *
You block the yak's attack.
The yak is engulfed in blazing flames.
You block the yak's attack. The yak gores you.
* * * LOW HITPOINT WARNING * * *
Okay, then.
Okay, then.
Okay, then.
You are confused.
You feel invigorated. The yak gores you!
You die...

..#######'##.....#.(...#.........
.>...............#######.........
.................................
∩.....................###.....###
......................# #.....#
<................§≈...# #...###
.............§§≈≈§.≈..# #...#
..........#..§§§§Y§≈.## #...#
'##########.§§≈YY≈≈≈.# #..##
.............≈§YY§≈≈.# #..#
.............≈≈≈§≈§..## #..#
...........#..≈.§≈....###..#
...........#...............#
########...#.......####....#
.......#.###...............#
.......###..[..............#
...........))..............#


You could see 4 yaks.

Vanquished Creatures
  2 two-headed ogres
  An unseen horror (D:10)
  Maurice (D:9)
  Psyche (D:8)
  2 trolls
  3 hippogriffs
  4 hogs (D:9)
  A human (D:9)
  Grum (D:9)
  2 hungry ghosts
  2 hell hounds (D:9)
  A porcupine (Lair:1)
  5 orc warriors
  2 ice beasts
  2 sky beasts (D:9)
  An eye of draining (D:3)
  2 phantoms (D:5)
  2 black bears
  3 centaurs
  8 ogres
  2 wolves (D:9)
  A big kobold (D:8)
  4 bullfrogs
  3 scorpions
  5 wights (D:8)
  6 killer bees (D:10)
  5 howler monkeys
  A crimson imp (D:7)
  2 centaur zombies
  An orc priest (D:9)
  A jelly (D:6)
  6 hounds
  6 orc wizards
  2 centaur skeletons
  4 iguanas
  5 worker ants
  Natasha (thrice) (D:3)
  A hound skeleton (D:4)
  A gnoll (D:3)
  10 adders
  2 adder zombies
  2 adder skeletons (D:4)
  3 worms
  3 dart slugs
  6 leopard geckos
  30 orcs
  9 bats
  4 giant cockroaches
  4 goblins
  12 hobgoblins
  7 jackals
  3 quokkas
  4 ball pythons
  5 frilled lizards
  28 kobolds
  A quokka zombie (D:9)
  9 rats
247 creatures vanquished.

Vanquished Creatures (collateral kills)
  Erolcha (D:9)
  An orc wizard (D:9)
2 creatures vanquished.

Vanquished Creatures (others)
  2 centaurs (D:9)
2 creatures vanquished.

Grand Total: 251 creatures vanquished

Notes
Turn   | Place    | Note
-------+----------+-------------------------------------------
     0 | D:1      | sking99 the Ogre Transmuter began the quest for the Orb.
     0 | D:1      | Reached XP level 1. HP: 19/19 MP: 3/3
   258 | D:1      | Reached XP level 2. HP: 28/28 MP: 5/5
   262 | D:1      | Learned a level 2 spell: Sticks to Snakes
   991 | D:2      | Reached XP level 3. HP: 34/36 MP: 6/6
   996 | D:2      | Learned a level 3 spell: Spider Form
  1424 | D:2      | HP: 1/36 [adder (2)]
  1738 | D:2      | Found a stormy altar of Qazlal.
  1740 | D:2      | Noticed a fire elemental
  1741 | D:2      | Noticed a water elemental
  1741 | D:2      | Noticed an air elemental
  1741 | D:2      | Noticed an earth elemental
  1757 | D:2      | Reached XP level 4. HP: 35/44 MP: 7/7
  1820 | D:2      | Reached skill level 1 in Poison Magic
  2140 | D:2      | Became a worshipper of Qazlal Stormbringer
  2243 | D:3      | Reached XP level 5. HP: 38/50 MP: 2/8
  2652 | D:3      | Noticed an eye of draining
  2656 | D:3      | Found a bloodstained altar of Trog.
  2671 | D:3      | Killed an eye of draining
  2695 | D:3      | Reached XP level 6. HP: 21/58 MP: 0/9
  3118 | D:3      | Noticed Natasha
  3137 | D:3      | Killed Natasha
  3144 | D:3      | Noticed Natasha
  3161 | D:3      | Killed Natasha
  3261 | D:3      | Noticed Natasha
  3270 | D:3      | Killed Natasha
  3461 | D:3      | Reached * piety under Qazlal
  3685 | D:4      | Reached skill level 5 in Unarmed Combat
  3950 | D:4      | Reached skill level 1 in Invocations
  3950 | D:4      | Reached XP level 7. HP: 61/66 MP: 5/10
  4346 | D:4      | Reached skill level 2 in Invocations
  4791 | D:5      | Entered Level 5 of the Dungeon
  5081 | D:5      | Reached ** piety under Qazlal
  5113 | D:5      | Reached XP level 8. HP: 59/79 MP: 11/11
  5396 | D:5      | Reached skill level 3 in Invocations
  5431 | D:5      | Reached skill level 5 in Fighting
  5825 | D:6      | Found Biurasenet's Antique Armour Emporium.
  6046 | D:6      | Found Jasug's Assorted Antiques.
  6088 | D:6      | Found Getangits's Food Boutique.
  6309 | D:6      | Found a staircase to the Ecumenical Temple.
  6391 | D:6      | Reached skill level 4 in Invocations
  6682 | D:6      | Reached XP level 9. HP: 22/92 MP: 6/13
  7086 | D:6      | Found Ennadeag's Food Boutique.
  7243 | D:7      | Reached skill level 5 in Invocations
  7269 | D:7      | Reached *** piety under Qazlal
  7314 | D:7      | Found Upumul's Antique Weapon Emporium.
  7456 | D:7      | Found a blossoming altar of Fedhas.
  7720 | D:7      | Learned a level 4 spell: Ice Form
  7731 | D:8      | Noticed Psyche
  7741 | D:8      | Killed Psyche
  7741 | D:8      | Reached skill level 1 in Ice Magic
  8078 | D:8      | Reached skill level 6 in Invocations
  8557 | D:8      | Reached skill level 5 in Transmutations
  8713 | D:8      | Found Sacwiaxuu's Magic Scroll Shoppe.
  8721 | D:8      | Bought a scroll of magic mapping for 52 gold pieces
  9220 | D:9      | Reached XP level 10. HP: 81/102 MP: 15/15
  9236 | D:9      | Reached skill level 7 in Invocations
  9331 | D:9      | HP: 5/102 [something (6)]
  9689 | D:9      | Found a staircase to the Lair.
  9722 | D:9      | Noticed a two-headed ogre
  9771 | D:9      | Reached **** piety under Qazlal
  9787 | D:9      | HP: 3/102 [hippogriff (4)]
  9788 | D:9      | Reached skill level 8 in Invocations
 10071 | D:9      | Found Zavuigeh's Jewellery Shoppe.
 10147 | D:9      | Killed a two-headed ogre
 10147 | D:9      | Reached skill level 9 in Invocations
 10205 | D:9      | Noticed Erolcha
 10227 | D:9      | Killed Erolcha
 10227 | D:9      | Reached XP level 11. HP: 18/109 MP: 9/18
 10639 | D:9      | Reached skill level 10 in Invocations
 10681 | D:9      | Noticed Grum
 10704 | D:9      | Killed Grum
 11039 | D:9      | Noticed Maurice
 11050 | D:9      | Paralysed by Maurice for 5 turns
 11066 | D:9      | Killed Maurice
 11360 | D:10     | Entered Level 10 of the Dungeon
 11884 | D:10     | Noticed a two-headed ogre
 11896 | D:10     | Killed a two-headed ogre
 11896 | D:10     | Reached skill level 11 in Invocations
 12057 | D:10     | Killed an unseen horror
 12730 | Lair:1   | Entered Level 1 of the Lair of Beasts
 12746 | D:9      | HP: 3/130 [yak (6)]
 12747 | D:9      | Slain by a yak

Vault maps used:
D:1:      dpeg_arrival_line_fractal
D:2:      nicolae_qazlal_style_of_elements
D:3:      trog_eyes_of_draining, uniq_natasha
D:5:      first_ration
D:6:      cheibrodos_barr_body, temple_green, serial_shops,
          nicolae_shop_overgrown_old_shop, nicolae_shop_statue_plus,
          kennysheep_mini_moat, nicolae_shop_statue_plus
D:7:      kennysheep_little_box, serial_shops, nicolae_shop_waterfront
D:8:      kennysheep_kobold_camp, serial_shops, shop, uniq_psyche
D:9:      minmay_lair_entry_lava, serial_shops, shop, grunt_livestock,
          uniq_maurice, uniq_grum, uniq_erolcha
D:10:     skrybe_limestone_x
Lair:1:   gammafunk_ghost_split, uniq_harold

Skill      XL: |  1  2  3  4  5  6  7  8  9 10 11 |
---------------+----------------------------------+-----
Unarmed Combat | 3 4 5 6 7 8 |  8.3
Fighting       | 2 4 6 7 |  7.0
Transmutations | 2 3 4 5 7 8 |  8.0
Poison Magic   | 1 |  1.0
Invocations    | 1 2 4 6 9 11 | 11.7
Spellcasting   | 3 |  3.1
Ice Magic      | 3 4 |  4.0
Dodging        | 2 |  2.5

Action                   |  1- 3 |  4- 6 |  7- 9 | 10-12 || total
-------------------------+-------+-------+-------+-------++-------
Melee: Unarmed           |   179 |   163 |   357 |   262 ||   961
       Punch             |       |     1 |     7 |     3 ||    11
 Cast: Beastly Appendage |     1 |       |       |       ||     1
       Spider Form       |       |    13 |    23 |    15 ||    51
       Sticks to Snakes  |       |       |       |     4 ||     4
       Ice Form          |       |       |       |     6 ||     6
Invok: Upheaval          |       |       |     1 |       ||     1
       Elemental Force   |       |       |       |     1 ||     1
Evoke: Wand              |       |       |       |     1 ||     1
  Use: Potion            |     1 |       |       |     4 ||     5
       Scroll            |       |     2 |     9 |     3 ||    14
 Stab: Sleeping          |     1 |     1 |       |       ||     2
  Eat: Chunk             |     3 |     8 |    21 |    13 ||    45
       Ration            |       |       |       |     1 ||     1
Armor: Robe              |    85 |    31 |    39 |    12 ||   167
       Skin              |       |     4 |       |    21 ||    25
Dodge: Dodged            |   125 |    86 |   174 |   141 ||   526
Block: Other             |       |       |    78 |    94 ||   172
       Reflection        |       |       |     5 |     6 ||    11

Table legend:
 A = Spawn XP
 B = Non-spawn XP
 C = Spawn XP percentage of total XP
 D = Spawn monster count
 E = Non-spawn monster count
 F = Spawn count percentage of total count
 G = Total turns spent on level
                    A         B        C        D         E        F      G
               +---------+---------+-------+---------+---------+-------+---------
         Total |       0 |   14584 |   0.0 |       0 |     251 |   0.0 | 12747
               +---------+---------+-------+---------+---------+-------+---------
           D:1 |       0 |      31 |   0.0 |       0 |      16 |   0.0 |   985
           D:2 |       0 |     122 |   0.0 |       0 |      23 |   0.0 |  1170
           D:3 |       0 |     301 |   0.0 |       0 |      32 |   0.0 |  1518
           D:4 |       0 |     604 |   0.0 |       0 |      22 |   0.0 |  1118
           D:5 |       0 |     540 |   0.0 |       0 |      15 |   0.0 |   990
           D:6 |       0 |     779 |   0.0 |       0 |      17 |   0.0 |  1375
           D:7 |       0 |     581 |   0.0 |       0 |      15 |   0.0 |   756
           D:8 |       0 |    1671 |   0.0 |       0 |      35 |   0.0 |  1617
           D:9 |       0 |    6426 |   0.0 |       0 |      45 |   0.0 |  1914
          D:10 |       0 |    3384 |   0.0 |       0 |      30 |   0.0 |  1291
        Lair:1 |       0 |     145 |   0.0 |       0 |       1 |   0.0 |    13
               +---------+---------+-------+---------+---------+-------+---------
